 Dungeon Crawl Stone Soup version 0.29-a0-330-g52719c12eb (webtiles) character file.

Game seed: 5288737701442330159

1457 Aelig the Frost Mage (level 8, -2/60 HPs)
             Began as a Vampire Ice Elementalist on May 12, 2022.
             Was a Follower of Kikubaaqudgha.
             Slain by Menkaure (13 damage)
             ... on level 6 of the Dungeon.
             The game lasted 00:20:27 (5144 turns).

Aelig the Frost Mage (Vampire Ice Elementalist)     Turns: 5144, Time: 00:20:28

Health: -2/60      AC: 14    Str:  7    XL:     8   Next: 47%
Magic:  14/20      EV: 12    Int: 20    God:    Kikubaaqudgha [*.....]
Gold:   266        SH:  0    Dex: 14    Spells: 2/11 levels left

rFire   . . .      SeeInvis +   y - staff of cold
rCold   + . .      Faith    .   (no shield)
rNeg    . . .      Spirit   .   a - +0 robe
rPois   .          Reflect  .   (no helmet)
rElec   .          Harm     .   (no cloak)
rCorr   .          Rampage  .   f - +1 pair of gloves
Will    .....                   B - +0 pair of boots
Stlth   +++.......              (no amulet)
HPRegen 0.40/turn               x - ring of magical power
MPRegen 0.17/turn               (no ring)

@: ice-armoured, freezing walls, healing quickly
A: alive, fangs 3, see invisible, vampiric 2
a: Exsanguinate, Renounce Religion, Receive Corpses


You were on level 6 of the Dungeon.
You worshipped Kikubaaqudgha.
Kikubaaqudgha was aware of your devotion.
You visited 2 branches of the dungeon, and saw 7 of its levels.
You also visited: Sewer.

You collected 266 gold pieces.

Inventory:

Hand Weapons
 c - a +0 quarterstaff
Missiles
 d - 207 stones (quivered)
Armour
 a - a +0 robe (worn)
 f - a +1 pair of gloves (worn)
 B - a +0 pair of boots (worn)
Magical Staves
 y - a staff of cold (weapon)
Jewellery
 x - a ring of magical power (left hand)
Wands
 p - a wand of iceblast (21)
 A - a wand of flame (13)
Scrolls
 g - a scroll of immolation {unknown}
 h - a scroll of fog {unknown}
 i - 2 scrolls of teleportation
 j - a scroll of amnesia {unknown}
 l - a scroll of magic mapping {unknown}
 n - a scroll of enchant armour
 s - 2 scrolls of silence {unknown}
 u - 2 scrolls of enchant weapon {unknown}
 v - a scroll of fear {unknown}
Potions
 b - 2 potions of magic
 e - a potion of berserk rage {unknown}
 k - 6 potions of curing
 m - 2 potions of might
 o - a potion of flight {unknown}
 q - a potion of lignification {unknown}
 r - a potion of haste {unknown}
 t - 2 potions of attraction {unknown}
 w - a potion of mutation {unknown}
 z - a potion of heal wounds {unknown}


   Skills:
 - Level 4.0 Fighting
 - Level 2.1 Dodging
 - Level 5.0 Stealth
 - Level 2.0 Spellcasting
 + Level 5.7 Necromancy
 - Level 2.0 Translocations
 - Level 8.0 Ice Magic


You had 2 spell levels left.
You knew the following spells:

 Your Spells              Type           Power      Damage    Failure   Level
a - Freeze                Ice            100%       1d11      1%          1
b - Frozen Ramparts       Ice            100%       1d12      1%          3
c - Ozocubu's Armour      Ice            50%        N/A       1%          3
d - Blink                 Tloc           20%        N/A       11%         2

Your spell library contained the following spells:

 Spells                   Type           Power      Damage    Failure   Level
 Animate Skeleton         Necr           48%        N/A       1%          1
 Pain                     Necr           96%        1d8       1%          1
 Slow                     Hex            8%         N/A       16%         1
 Vampiric Draining        Necr           24%        2d7       4%          3
 Lesser Beckoning         Tloc           10%        N/A       21%         3
 Hailstorm                Conj/Ice       27%        3d7       30%         4
 Agony                    Necr           24%        N/A       38%         5
 Confusing Touch          Hex            2%         N/A       43%         3
 Manifold Assault         Tloc           10%        N/A       88%         5


Dungeon Overview and Level Annotations

Branches:
Dungeon (6/15)             Temple (1/1) D:4           Sewer (visited)

Altars:
Ashenzari
Cheibriados
Dithmenos
Elyvilon
Fedhas
Gozag
Hepliaklqana
Kikubaaqudgha
Makhleb
Nemelex Xobeh
Okawaru
Qazlal
Sif Muna
Trog
Uskayaw
Vehumet
Wu Jian
Xom
Yredelemnul
Zin
The Shining One

Shops:
D:4 *

Annotations:
D:4 3 runed translucent doors, marpa's ghost, amateur GrEE
D:6 Menkaure


Innate Abilities, Weirdness & Mutations

Your natural rate of healing is accelerated.
You have razor-sharp teeth.
You have supernaturally acute eyesight. (SInv)
You are afflicted with vampirism and can become a bat while bloodless.


Message History

a +0 dagger; a +0 chain mail; an orc corpse You hit the hound but do no damage.
You freeze the hound.
The hound is almost dead.
The hound barely misses you.
You hit the hound.
The hound is almost dead.
The hound closely misses you. The hound bites you but does no damage.
You hit the hound.
You kill the hound!
Kikubaaqudgha accepts your kill.
Casting: Frozen Ramparts (safe; 1% risk of failure)
Confirm with . or Enter, or press ? or * to list all spells.
You can't see any susceptible monsters within range! (Use Z to cast anyway.) Unknown command.
You start resting.
Menkaure is nearby!
Casting: Frozen Ramparts (safe; 1% risk of failure)
Confirm with . or Enter, or press ? or * to list all spells.
Casting: Frozen Ramparts (safe; 1% risk of failure)
Press: ? - help, Dir - look around, f - activate You feel a surge of power!
The walls around you are covered in ice.
Menkaure resists.
The wall freezes Menkaure.
Casting: Frozen Ramparts (safe; 1% risk of failure)
Confirm with . or Enter, or press ? or * to list all spells.
You feel a surge of power! A film of ice covers your body!
Menkaure resists.
The wall freezes Menkaure.
Menkaure barely misses you.
You barely miss Menkaure.
Menkaure is moderately damaged.
Menkaure resists.
The wall freezes Menkaure.
Menkaure hits you!
You hit Menkaure but do no damage.
Menkaure is moderately damaged.
Menkaure resists.
The wall freezes Menkaure.
Menkaure hits you!
* * * LOW HITPOINT WARNING * * *
Okay, then.
You barely miss Menkaure.
Menkaure is heavily damaged.
Menkaure resists.
The wall freezes Menkaure.
Menkaure hits you!
You die...
Kikubaaqudgha rasps: "You have failed me!
Welcome... death!"

..##..........##.....
#..#.M........#....#
.................
#...........# .
#...........##....
##.##..<..........#
........))..#....##
..######)#......## ..
##...@M))..###...
##(.#..........# ##.#
...............# .#
..####.###...## #
######.####..######.#
......................
...###..#####..######.
#.## #### #.


You could see Menkaure.

Vanquished Creatures
  Prince Ribbit (D:5)
  A water moccasin (D:5)
  An orc warrior (D:6)
  2 sky beasts (D:6)
  2 bullfrogs (Sewer)
  A necrophage (D:6)
  A scorpion (D:4)
  A howler monkey (D:5)
  A jelly (D:5)
  2 orc priests
  3 hounds
  An iguana (D:5)
  4 orc wizards
  12 adders
  5 river rats (Sewer)
  2 white imps
  An ufetubus (D:5)
  2 worms
  15 orcs
  19 ball pythons
  8 bats
  7 endoplasms
  3 giant cockroaches
  2 goblins (D:3)
  2 hobgoblins
  13 jackals
  A quokka (D:2)
  A frilled lizard (D:2)
  3 kobolds
  33 rats
150 creatures vanquished.

Notes
Turn   | Place    | Note
-------+----------+-------------------------------------------
     0 | D:1      | Aelig the Vampire Ice Elementalist began the quest for the
                  | Orb.
     0 | D:1      | Reached XP level 1. HP: 13/13 MP: 3/3
   131 | D:1      | Found a faded altar of an unknown god.
  1050 | D:2      | Reached XP level 2. HP: 19/19 MP: 5/5
  1159 | D:2      | Reached skill level 5 in Ice Magic
  1159 | D:2      | Gained mutation: You are afflicted with vampirism and can
                  | become a bat while bloodless. [Vampire growth]
  1159 | D:2      | Reached XP level 3. HP: 12/24 MP: 2/6
  1213 | D:2      | Learned a level 3 spell: Frozen Ramparts
  1913 | D:3      | Identified the +1 robe "Zehofif" {rN+ Str-2 SInv Stlth+}
  2068 | D:3      | Reached XP level 4. HP: 30/30 MP: 4/7
  2097 | D:3      | Found a glowing drain.
  2103 | Sewer    | Entered a sewer
  2139 | Sewer    | Learned a level 3 spell: Ozocubu's Armour
  2170 | Sewer    | Reached skill level 6 in Ice Magic
  2390 | Sewer    | Reached XP level 5. HP: 29/35 MP: 4/8
  2506 | Sewer    | Reached skill level 7 in Ice Magic
  2507 | Sewer    | Reached XP level 6. HP: 28/41 MP: 2/9
  3037 | D:3      | Learned a level 2 spell: Blink
  3091 | D:4      | Found Ojann's General Store.
  3135 | D:4      | Reached skill level 8 in Ice Magic
  3207 | D:4      | Found a runed translucent gate.
  3213 | D:4      | Found a runed translucent gate.
  3214 | D:4      | Found a runed translucent gate.
  3215 | D:4      | Noticed marpa's ghost (amateur GrEE)
  3532 | D:4      | Found a staircase to the Ecumenical Temple.
  3543 | Temple   | Entered the Ecumenical Temple
  3933 | Temple   | Became a worshipper of Kikubaaqudgha
  4299 | D:5      | Entered Level 5 of the Dungeon
  4299 | D:5      | Noticed Prince Ribbit
  4311 | D:5      | Noticed a water moccasin
  4313 | D:5      | Killed Prince Ribbit
  4314 | D:5      | Reached skill level 1 in Fighting
  4314 | D:5      | Reached skill level 1 in Translocations
  4314 | D:5      | Reached XP level 7. HP: 48/49 MP: 9/10
  4318 | D:5      | Reached skill level 5 in Stealth
  4865 | D:5      | Reached skill level 1 in Necromancy
  4950 | D:6      | Noticed Menkaure
  4973 | D:6      | Reached * piety under Kikubaaqudgha
  4973 | D:6      | Received a gift from Kikubaaqudgha
  4974 | D:6      | Reached XP level 8. HP: 60/60 MP: 11/11
  5017 | D:6      | Reached skill level 5 in Necromancy
  5144 | D:6      | Slain by Menkaure

Illustrated notes

Levels and vault maps discovered:
D:1:      dpeg_arrival_snail, layout_basic, ebering_ecumenical_altar_mist
D:2:      layout_loops_ring
D:3:      layout_rooms, portal_sewer_entry_e, kennysheep_generic_room_3
D:4:      layout_cave_pods, minmay_temple_entry_hall, serial_shops, shop,
          gammafunk_ghost_necromancy, wad_floor_pattern_2, minmay_misc_feat_tiny
D:5:      layout_rooms, uniq_prince_ribbit1
D:6:      layout_rooms, uniq_menkaure
Temple:   nicolae_temple_the_god_donut

Skill      XL: |  1  2  3  4  5  6  7  8 |
---------------+-------------------------+-----
Ice Magic      | 5 6 7 8 |  8.0
Fighting       | 1 4 |  4.0
Stealth        | 4 5 |  5.0
Translocations | 1 2 |  2.0
Necromancy     | 1 5 |  5.7
Dodging        | |  2.1
Spellcasting   | |  2.0

Action                   |  1- 3 |  4- 6 |  7- 9 || total
-------------------------+-------+-------+-------++-------
Melee: Quarterstaff      |    81 |   102 |    35 ||   218
       Bite              |     3 |     7 |    11 ||    21
       Staff             |       |       |    39 ||    39
Throw: Stone             |       |     1 |       ||     1
 Cast: Freeze            |    17 |     3 |       ||    20
       Frozen Ramparts   |     1 |    22 |    15 ||    38
       Ozocubu's Armour  |       |     2 |     6 ||     8
  Use: Scroll            |       |     5 |     1 ||     6
 Stab: Sleeping          |     5 |     5 |       ||    10
Armor: Robe              |    22 |    41 |    24 ||    87
Dodge: Dodged            |    72 |    93 |    45 ||   210

Table legend: (Time is in decaauts)
 A = Elapsed time spent in this place.
 B = Non-inter-level travel time spent in this place.
 C = Inter-level travel time spent in this place.
 D = Time resting spent in this place.
 E = Time spent auto-exploring this place.
 F = Levels seen in this place.
 G = Mean time per level.
                   A        B        C        D        E       F      G
               +--------+--------+--------+--------+--------+-----+--------+
         Total |   5260 |   5083 |    177 |    716 |   2501 |   8 |  657.5 |
       Dungeon |   4310 |   4155 |    155 |    520 |   2302 |   6 |  718.3 |
        Temple |    413 |    391 |     22 |      0 |    199 |   1 |  413.0 |
         Sewer |    536 |    536 |      0 |    196 |      0 |   1 |  536.0 |
               +--------+--------+--------+--------+--------+-----+--------+

Top non-repeatable levels by time:
     D:1: 986 daAuts
     D:2: 900 daAuts
     D:4: 842 daAuts
     D:3: 730 daAuts
     D:5: 661 daAuts
   Sewer: 536 daAuts
  Temple: 413 daAuts
     D:6: 187 daAuts
